[Event "ICC Open 2015"]
[Site "Internet Chess Club"]
[Date "2015.05.29"]
[Round "2"]
[White "Glamurius"]
[Black "chessdjw"]
[Result "1-0"]
[ICCResult "Black resigns"]
[WhiteElo "2943"]
[BlackElo "2197"]
[Opening "Ruy Lopez: closed, Bogolyubov variation"]
[ECO "C91"]
[NIC "RL.20"]
[Time "14:13:12"]
[TimeControl "180+0"]

1. e4 e5 2. Nf3 Nc6 3. Bb5 a6 4. Ba4 Nf6 5. O-O Be7 6. Re1 b5 7. Bb3 d6 8.
c3 O-O 9. d4 Bg4 10. Be3 exd4 11. cxd4 Na5 12. Bc2 Nc4 13. Bc1 c5 14. b3 Nb6
15. Bb2 Rc8 16. Nbd2 c4 17. Nf1 c3 18. Bc1 b4 19. Ng3 Nfd7 20. h3 Bxf3 21.
Qxf3 Bf6 22. Qd3 g6 23. Bf4 Qc7 24. Rad1 a5 25. Nf1 Bg7 26. Ne3 Rfe8 27. Ng4
h5 28. Nh6+ Kf8 29. Qf3 Re7 30. Bg5 f6 31. e5 dxe5 32. Bxg6 c2 33. Rc1 Qc3
34. Qf5 exd4 35. Rxe7 Kxe7 36. Qe4+ Kd6 37. Bf4+ Ne5 38. Nf5+ Kc5 39. Rxc2
Kb5 40. Nxd4+ Ka6 41. Rxc3 bxc3 42. Bxe5 fxe5 43. Nc2 Rd8 44. Qe2+ Ka7 45.
Be4 Rd2 46. Qb5 Bh6 47. Qxa5+ Kb8 48. Qxb6+ Kc8 49. Bf5+ {Black resigns} 1-0

[Event "ICC Open 2015"]
[Site "Internet Chess Club"]
[Date "2015.05.29"]
[Round "2"]
[White "PITCHUS"]
[Black "Ancient"]
[Result "1-0"]
[ICCResult "Black resigns"]
[WhiteElo "1818"]
[BlackElo "1539"]
[Opening "Réti opening"]
[ECO "A04"]
[NIC "QP.11"]
[Time "14:14:05"]
[TimeControl "180+0"]

1. Nf3 e6 2. g3 d5 3. Bg2 Nf6 4. O-O Nc6 5. c4 dxc4 6. Qa4 Be7 7. Ne5 Bd7 8.
Nxc6 bxc6 9. Bxc6 O-O 10. Bxd7 Qxd7 11. Qxc4 c5 12. d3 Rab8 13. a3 Rfc8 14.
Nc3 h5 15. Bf4 Rb6 16. Be3 Ng4 17. Na4 Nxe3 18. Nxb6 Nxc4 19. Nxd7 Nd2 20.
Rfd1 Nb3 21. Rab1 f6 22. d4 cxd4 23. Rd3 Nc5 24. Nxc5 Bxc5 25. Rc1 Rc7 26.
b4 Bb6 27. Rxc7 Bxc7 28. Rxd4 Bb6 29. Rd7 Kh7 30. a4 Kg6 31. a5 {Black
resigns} 1-0

[Event "ICC Open 2015"]
[Site "Internet Chess Club"]
[Date "2015.05.29"]
[Round "2"]
[White "VerdeNotte"]
[Black "Merula"]
[Result "1-0"]
[ICCResult "Black checkmated"]
[WhiteElo "2963"]
[BlackElo "2224"]
[Opening "Scandinavian (center counter) defense"]
[ECO "B01"]
[NIC "SD.01"]
[Time "14:13:34"]
[TimeControl "180+0"]

1. e4 d5 2. exd5 Qxd5 3. Nc3 Qa5 4. d4 c6 5. Bd2 Bf5 6. Bc4 e6 7. Qe2 Nd7 8.
O-O-O Ngf6 9. d5 cxd5 10. Nxd5 Qc5 11. Be3 Qc8 12. Nxf6+ gxf6 13. Bb5 e5 14.
Ba4 a6 15. Qf3 Be6 16. Bxd7+ Bxd7 17. Qxf6 Rg8 18. Bg5 Rg6 19. Qxe5+ Re6 20.
Qh8 Qc5 21. Nf3 Rc8 22. Rd2 Ba4 23. Rhd1 f6 24. Nd4 Rd6 25. Re1+ Kd7 26.
Qxh7+ Kd8 27. Bxf6+ Rxf6 28. Nc6# {Black checkmated} 1-0

[Event "ICC Open 2015"]
[Site "Internet Chess Club"]
[Date "2015.05.29"]
[Round "2"]
[White "DroolingBaby"]
[Black "Sebs"]
[Result "0-1"]
[ICCResult "White forfeits on time"]
[WhiteElo "2193"]
[BlackElo "2900"]
[Opening "QGD Slav: 3.Nf3"]
[ECO "D11"]
[NIC "SL.01"]
[Time "14:14:06"]
[TimeControl "180+0"]

1. d4 d5 2. c4 c6 3. Nf3 Nf6 4. g3 dxc4 5. Bg2 Nbd7 6. O-O b5 7. Ne5 Nxe5 8.
dxe5 Nd5 9. b3 cxb3 10. axb3 e6 11. Qc2 Bb7 12. Rd1 Qb6 13. Nc3 Qc5 14. Bb2
b4 15. Nxd5 Qxc2 16. Nc7+ Ke7 17. Nxa8 Qxb2 18. Rxa7 Qxe5 19. Rxb7+ Kf6 20.
Nb6 Qxe2 21. Rdd7 Bc5 22. Re7 Bxe7 {White forfeits on time} 0-1

[Event "ICC Open 2015"]
[Site "Internet Chess Club"]
[Date "2015.05.29"]
[Round "2"]
[White "klodshans"]
[Black "Babaliyev"]
[Result "0-1"]
[ICCResult "White resigns"]
[WhiteElo "1532"]
[BlackElo "1904"]
[Opening "Old Benoni defense"]
[ECO "A43"]
[NIC "OI.09"]
[Time "14:13:51"]
[TimeControl "180+0"]

1. d4 c5 2. d5 d6 3. c4 e6 4. e4 exd5 5. exd5 Nf6 6. Bd3 g6 7. Be3 Bg7 8.
Nd2 O-O 9. Ne2 Nbd7 10. O-O Ne5 11. Nf3 Nfg4 12. Nxe5 Nxe3 13. fxe3 Bxe5 14.
Qd2 Bg4 15. Nf4 Qh4 16. h3 Bd7 17. Qf2 Qxf2+ 18. Rxf2 Rae8 19. Raf1 a6 20.
e4 Bd4 21. h4 h5 22. Kh2 Bxf2 23. Rxf2 b5 24. b3 bxc4 25. bxc4 Rb8 26. Kg3
Bg4 27. Bc2 Rb2 28. Bb3 Rxf2 29. Kxf2 Kg7 30. g3 Re8 31. Ke3 f5 32. Ne6+ Kf6
33. Nc7 Rxe4+ 34. Kd3 Be2+ 35. Kc2 a5 36. a4 Bxc4 37. Bxc4 Rxc4+ 38. Kd3
Rxa4 39. Nb5 Ke5 40. Nc3 Ra3 41. Kc2 Rxc3+ 42. Kxc3 Kxd5 {White resigns} 0-1

[Event "ICC Open 2015"]
[Site "Internet Chess Club"]
[Date "2015.05.29"]
[Round "2"]
[White "BlitzPawn94"]
[Black "MassCarnage"]
[Result "1-0"]
[ICCResult "Black forfeits on time"]
[WhiteElo "2654"]
[BlackElo "2020"]
[Opening "Nimzovich-Larsen attack: Indian variation"]
[ECO "A01"]
[NIC "VO.08"]
[Time "14:13:34"]
[TimeControl "180+0"]

1. b3 Nf6 2. Bb2 e6 3. Nf3 d5 4. e3 c5 5. d4 Nc6 6. Nbd2 Be7 7. Bd3 O-O 8.
O-O h6 9. a3 b6 10. Ne5 Bb7 11. Ndf3 Ne4 12. Nxc6 Bxc6 13. Ne5 Bb7 14. Bxe4
dxe4 15. dxc5 Bxc5 16. Qe2 Qc7 17. h3 Rad8 18. Qg4 f6 19. Nc4 f5 20. Qg6 Qf7
21. Qg3 Ba6 22. Ne5 Qc7 23. Rfd1 Bd6 24. c4 Bb7 25. b4 Rf6 26. Rac1 Rff8 27.
c5 Bxe5 28. Bxe5 Qf7 29. c6 Ba6 30. a4 b5 31. axb5 Bxb5 32. c7 Rc8 33. Rc5
a6 34. Rd6 Kh7 35. Rxe6 Rg8 36. Rb6 g5 37. Rb8 Be2 38. Rxc8 Rxc8 39. Bd6 Qb3
40. Qe5 Qd1+ 41. Kh2 Bf3 42. gxf3 Qf1 43. Qg3 g4 44. fxg4
{Black forfeits on time}
1-0

[Event "ICC Open 2015"]
[Site "Internet Chess Club"]
[Date "2015.05.29"]
[Round "2"]
[White "Dictator"]
[Black "dietcoke"]
[Result "1-0"]
[ICCResult "Black forfeits on time"]
[WhiteElo "2606"]
[BlackElo "1934"]
[Opening "QGD Slav defense: exchange variation"]
[ECO "D10"]
[NIC "SL.01"]
[Time "14:13:47"]
[TimeControl "180+0"]

1. d4 d5 2. c4 c6 3. cxd5 cxd5 4. Nc3 Nf6 5. Bf4 a6 6. e3 Nc6 7. Rc1 e6 8.
Bd3 Bd6 9. Bxd6 Qxd6 10. f4 O-O 11. Nf3 b5 12. O-O Bb7 13. Ne5 g6 14. Qe1
Nd7 15. h4 Nf6 16. Qg3 Nh5 17. Qh3 f5 18. Be2 Nf6 19. h5 Kg7 20. Qg3 Ne7 21.
Qg5 Rac8 22. Rf3 b4 23. hxg6 h6 24. Qh4 bxc3 25. Rh3 Rh8 26. bxc3 Nxg6 27.
Rg3 Ng4 28. Nxg6 Kxg6 29. Bxg4 fxg4 30. Qxg4+ {Black forfeits on time} 1-0

[Event "ICC Open 2015"]
[Site "Internet Chess Club"]
[Date "2015.05.29"]
[Round "2"]
[White "onti"]
[Black "kevinice"]
[Result "0-1"]
[ICCResult "White checkmated"]
[WhiteElo "1467"]
[BlackElo "1882"]
[Opening "Sicilian: Grand Prix attack"]
[ECO "B21"]
[NIC "SI.48"]
[Time "14:13:51"]
[TimeControl "180+0"]

1. e4 c5 2. f4 e6 3. Nf3 d5 4. exd5 exd5 5. d4 cxd4 6. Nxd4 Nc6 7. c3 Bc5 8.
Bb5 Qe7+ 9. Kf2 Nf6 10. Re1 Ne4+ 11. Kf1 Qh4 12. Qf3 Qxh2 13. Rxe4+ dxe4 14.
Qxe4+ Kf8 15. Bxc6 bxc6 16. Be3 Ba6+ 17. Kf2 Re8 18. Qxc6 Qh4+ 19. Kg1 Qe1+
20. Kh2 Bxd4 21. Bxd4 Qg3+ 22. Kh1 Re1+ 23. Bg1 Qh4# {White checkmated} 0-1

[Event "ICC Open 2015"]
[Site "Internet Chess Club"]
[Date "2015.05.29"]
[Round "2"]
[White "noyb"]
[Black "Sc6"]
[Result "1-0"]
[ICCResult "Black forfeits on time"]
[WhiteElo "1407"]
[BlackElo "1772"]
[Opening "Queen's pawn game, Darooha variation "]
[ECO "D02"]
[NIC "QP.09"]
[Time "14:13:22"]
[TimeControl "180+0"]

1. Nf3 d5 2. d4 Nf6 3. c4 e6 4. g3 Bb4+ 5. Bd2 Bxd2+ 6. Nbxd2 Nc6 7. Bg2 Ne7
8. O-O O-O 9. Qc2 c6 10. e4 dxe4 11. Nxe4 Nxe4 12. Qxe4 Ng6 13. Rfe1 Qb6 14.
b3 c5 15. dxc5 Qxc5 16. Rad1 a5 17. Qd4 Qa3 18. Qc3 Ra6 19. Nd4 a4 20. Ra1
Rd8 21. Nb5 Qc5 22. b4 Qf5 23. a3 e5 24. Rad1 Rf8 25. c5 Rf6 26. Nd6 Qxf2+
27. Kh1 Qa2 28. Bd5 Qf2 29. Rf1 Qxf1+ 30. Rxf1 Rxf1+ 31. Kg2 Rf6 32. Nxc8
Rxc8 33. Bxb7 Re8 34. c6 Ne7 35. c7 Nc8 36. Qc5 Rfe6 37. b5 f5 38. Bxc8 Rxc8
39. b6 e4 40. b7 Rce8 41. c8=Q e3 42. Qxe8+ Rxe8 43. Qd5+
{Black forfeits on time}
1-0

[Event "ICC Open 2015"]
[Site "Internet Chess Club"]
[Date "2015.05.29"]
[Round "2"]
[White "Tasmaniandevil"]
[Black "NAS"]
[Result "1-0"]
[ICCResult "Black resigns"]
[WhiteElo "2101"]
[BlackElo "1667"]
[Opening "Sicilian: Smith-Morra gambit"]
[ECO "B21"]
[NIC "SI.48"]
[Time "14:13:50"]
[TimeControl "180+0"]

1. e4 c5 2. d4 cxd4 3. c3 d3 4. Bxd3 d6 5. c4 Nc6 6. h3 Nf6 7. Nf3 e6 8. O-O
Be7 9. Nc3 O-O 10. Qe2 a6 11. Rd1 Qc7 12. Bf4 e5 13. Bg5 Be6 14. Rac1 Ne8
15. Nd5 Qd8 16. Nxe7+ Nxe7 17. c5 f6 18. Bc4 Qd7 19. Be3 Rd8 20. cxd6 Nxd6
21. Bxe6+ Qxe6 22. Rc7 Nc6 23. Bc5 Rfe8 24. Bxd6 Rxd6 25. Rxd6 Qxd6 26. Qc4+
Kh8 27. Rxb7 Qd1+ 28. Kh2 Nd4 29. Nxd4 exd4 30. Qf7 Rg8 31. Re7 d3 32. Re8
{Black resigns}
1-0

[Event "ICC Open 2015"]
[Site "Internet Chess Club"]
[Date "2015.05.29"]
[Round "2"]
[White "RJoseph12"]
[Black "SusikoiraRoi"]
[Result "0-1"]
[ICCResult "White resigns"]
[WhiteElo "1249"]
[BlackElo "1805"]
[Opening "KP: Nimzovich defense"]
[ECO "B00"]
[NIC "VO.06"]
[Time "14:13:46"]
[TimeControl "180+0"]

1. e4 Nc6 2. d4 d5 3. e5 Bf5 4. Nf3 Qd7 5. Nc3 O-O-O 6. Bd3 f6 7. exf6 gxf6
8. O-O e5 9. dxe5 fxe5 10. Bxf5 Qxf5 11. Re1 Bc5 12. Bg5 Nf6 13. Bxf6 Qxf6
14. Nxd5 Qf5 15. c4 e4 16. Nd2 Bxf2+ 17. Kh1 Bxe1 18. Qxe1 Rhe8 19. Qe2 Nd4
20. Qe1 Nc2 {White resigns} 0-1

[Event "ICC Open 2015"]
[Site "Internet Chess Club"]
[Date "2015.05.29"]
[Round "2"]
[White "Warhabid"]
[Black "Grann"]
[Result "1-0"]
[ICCResult "Black resigns"]
[WhiteElo "2311"]
[BlackElo "1631"]
[Opening "King's Indian: Gligoric-Taimanov system"]
[ECO "E92"]
[NIC "KI.18"]
[Time "14:13:40"]
[TimeControl "180+0"]

1. Nf3 Nf6 2. c4 g6 3. Nc3 Bg7 4. e4 d6 5. d4 O-O 6. Be2 e5 7. Be3 Ng4 8.
Bg5 f6 9. Bh4 c6 10. O-O Qe7 11. d5 g5 12. Bg3 f5 13. exf5 Bxf5 14. Nd2 Nf6
15. c5 dxc5 16. Nc4 Ne4 17. Nxe4 Bxe4 18. d6 Qe6 19. Ne3 Nd7 20. Bc4 Bd5 21.
Nxd5 {Black resigns} 1-0

[Event "ICC Open 2015"]
[Site "Internet Chess Club"]
[Date "2015.05.29"]
[Round "2"]
[White "HematiteBrown"]
[Black "truufseir"]
[Result "1-0"]
[ICCResult "Black forfeits on time"]
[WhiteElo "2089"]
[BlackElo "1507"]
[Opening "Giuoco Pianissimo"]
[ECO "C50"]
[NIC "IG.02"]
[Time "14:13:45"]
[TimeControl "180+0"]

1. e4 e5 2. Nf3 Nc6 3. Bc4 Bc5 4. d3 d6 5. c3 Nf6 6. Bb3 Bb6 7. Nbd2 Bg4 8.
h3 Bh5 9. g4 Bg6 10. Nf1 Qd7 11. Ng3 O-O-O 12. Bg5 Rhg8 13. Qe2 Rde8 14.
O-O-O Qe7 15. Kb1 h6 16. Be3 Na5 17. Bc2 Kb8 18. Nh4 Bh7 19. Nhf5 Qd7 20. f3
Bxf5 21. Nxf5 Bxe3 22. Qxe3 h5 23. Rhg1 hxg4 24. hxg4 d5 25. d4 exd4 26.
Qxd4 c6 27. Rge1 b5 28. g5 Nh5 29. exd5 Rxe1 30. Rxe1 cxd5 31. Re7 Nc6 32.
Rxd7 Nxd4 33. Nxd4 f6 34. Nc6+ Kc8 35. Bf5 Ng3 36. Nxa7+ Kb8 37. Nc6+ Kc8
38. Rxg7+ Nxf5 39. Rxg8+ Kc7 40. Nd4 {Black forfeits on time} 1-0

[Event "ICC Open 2015"]
[Site "Internet Chess Club"]
[Date "2015.05.29"]
[Round "2"]
[White "Discoverchess"]
[Black "smoothg"]
[Result "1-0"]
[ICCResult "Black checkmated"]
[WhiteElo "2471"]
[BlackElo "1826"]
[Opening "English, 1...Nf6 (Anglo-Indian defense)"]
[ECO "A15"]
[NIC "KI.75"]
[Time "14:13:52"]
[TimeControl "180+0"]

1. c4 Nf6 2. g3 g6 3. Bg2 Bg7 4. Nc3 O-O 5. Nf3 d6 6. O-O c6 7. d4 Qc7 8. b3
Bg4 9. Bb2 Nbd7 10. Qd2 Rfe8 11. Rac1 Bxf3 12. Bxf3 e5 13. d5 c5 14. a4 a6
15. Bg2 Rab8 16. e4 h6 17. h3 Nf8 18. Ne2 Qd7 19. a5 N8h7 20. Kh2 Qd8 21.
Bc3 Nd7 22. Qd3 Nhf6 23. Rb1 Qe7 24. Qe3 Nh5 25. Bf3 Nhf6 26. Qd3 Kh7 27.
Bg2 Rh8 28. Ng1 Kg8 29. f4 Re8 30. f5 g5 31. b4 Rb8 32. bxc5 Nxc5 33. Qe3
Qc7 34. Rb6 Rc8 35. Rfb1 Nfd7 36. R6b2 Bf6 37. Nf3 Rb8 38. Bb4 Kf8 39. Nd2
Ke7 40. Qe2 h5 41. Rc1 Qd8 42. Nb3 Qc7 43. Nxc5 dxc5 44. Ba3 Kf8 45. Qd2 Kg7
46. d6 Qc6 47. Rcb1 Rhc8 48. Qd5 Qa4 49. Rxb7 Rxb7 50. Rxb7 Rd8 51. Bxc5
Qxa5 52. Bb6 Qxd5 53. exd5 Nxb6 54. Rxb6 Ra8 55. c5 a5 56. c6 a4 57. c7 e4
58. Rb8 Ra5 59. c8=Q Rxd5 60. Qh8# {Black checkmated} 1-0

[Event "ICC Open 2015"]
[Site "Internet Chess Club"]
[Date "2015.05.29"]
[Round "2"]
[White "WilliamChandler"]
[Black "paraguayo"]
[Result "0-1"]
[ICCResult "White resigns"]
[WhiteElo "1504"]
[BlackElo "1800"]
[Opening "Scotch gambit: Benima defense"]
[ECO "C44"]
[NIC "SO.06"]
[Time "14:13:46"]
[TimeControl "180+0"]

1. e4 e5 2. Nf3 Nc6 3. d4 exd4 4. Bc4 Be7 5. c3 d3 6. O-O Nf6 7. Bg5 O-O 8.
Nbd2 d6 9. Bxd3 Bg4 10. h3 Bh5 11. Qe1 Re8 12. Rd1 a6 13. Bc2 Nd7 14. Qe3
Nde5 15. Nxe5 Nxe5 16. f4 Bxd1 17. Bxe7 Qxe7 18. Rxd1 Nc6 19. Nf3 h6 20. e5
dxe5 21. fxe5 Nxe5 22. Qe4 Nxf3+ 23. Qxf3 Qe3+ 24. Qxe3 Rxe3 25. Rd7 Re2 26.
Bb3 Rxb2 27. Rxf7 Rxb3 28. axb3 Kxf7 {White resigns} 0-1

[Event "ICC Open 2015"]
[Site "Internet Chess Club"]
[Date "2015.05.29"]
[Round "2"]
[White "LittlePeasant"]
[Black "nurmi"]
[Result "1-0"]
[ICCResult "Black forfeits on time"]
[WhiteElo "2861"]
[BlackElo "2189"]
[Opening "King's Indian: fianchetto, Yugoslav, 7.O-O"]
[ECO "E65"]
[NIC "KI.69"]
[Time "14:13:15"]
[TimeControl "180+0"]

1. Nf3 d6 2. c4 g6 3. g3 Bg7 4. Bg2 Nf6 5. O-O O-O 6. d4 c5 7. Nc3 cxd4 8.
Nxd4 Nbd7 9. b3 Nc5 10. Bb2 Rb8 11. Rc1 Bd7 12. Qd2 Qc8 13. Rfd1 Rd8 14. Qe3
Re8 15. Qd2 Bh3 16. Bh1 a6 17. b4 Ne6 18. Nd5 Nxd4 19. Qxd4 Be6 20. Bf3 Bxd5
21. cxd5 Qd7 22. Qe3 Rec8 23. Kg2 Nxd5 24. Bxd5 Bxb2 25. Rxc8+ Rxc8 26. Qb3
Bf6 27. Bxf7+ Kg7 28. Be6 Qc6+ 29. Bd5 Qc7 30. Bf3 b6 31. Qe6 a5 32. b5 Qc5
33. Rd5 Qc4 34. h4 Rc5 35. h5 Rxd5 36. Bxd5 Qxb5 37. hxg6 hxg6 38. Qg8+ Kh6
39. Be4 Qh5 40. Bf3 Qg5 41. Qf8+ Bg7 42. Qd8 Qe5 43. Qxb6 Bf6 44. Qb1 Kg7
45. Qc1 g5 46. Qc4 a4 47. Qxa4 Qd4 48. Qxd4 Bxd4 49. e3 Ba7 50. Be2 Kf6 51.
Kf3 e5 52. Ke4 Ke6 53. Bc4+ Kf6 54. Kd5 Bc5 55. a4 g4 56. a5
{Black forfeits on time}
1-0

[Event "ICC Open 2015"]
[Site "Internet Chess Club"]
[Date "2015.05.29"]
[Round "2"]
[White "muisback"]
[Black "playwaycool"]
[Result "1-0"]
[ICCResult "Black resigns"]
[WhiteElo "3113"]
[BlackElo "2307"]
[Opening "Vienna: Paulsen variation"]
[ECO "C25"]
[NIC "VG.04"]
[Time "14:14:15"]
[TimeControl "180+0"]

1. e4 e5 2. Nc3 Nc6 3. g3 g6 4. Bg2 Bg7 5. Nf3 Nge7 6. h4 h5 7. d3 d6 8. Nd5
Nxd5 9. exd5 Ne7 10. c4 c6 11. dxc6 Nxc6 12. O-O O-O 13. Be3 Bg4 14. Qb3 Qc7
15. Ng5 f6 16. c5+ Kh8 17. cxd6 Qd7 18. Ne4 Rab8 19. Rac1 Rfc8 20. Rfe1 Bh3
21. Nc5 Qg4 22. d7 Rc7 23. Bxh3 Qxh3 24. Ne6 Rxd7 25. Rxc6 Re7 26. Nxg7 Rxg7
27. Rxf6 Rd8 28. Bh6 Rgd7 29. Rxg6 Qf5 30. Qe6 Qxe6 31. Rxe6 Rxd3 32. R1xe5
Rd1+ 33. Kg2 Rb1 34. Bf4 Rdd1 35. Re8+ Kg7 36. R5e7+ Kf6 37. Bg5+ Kg6 38.
Rg8+ Kf5 39. Rf8+ {Black resigns} 1-0

[Event "ICC Open 2015"]
[Site "Internet Chess Club"]
[Date "2015.05.29"]
[Round "2"]
[White "CapitalG"]
[Black "Pigs"]
[Result "1-0"]
[ICCResult "Black resigns"]
[WhiteElo "2716"]
[BlackElo "1946"]
[Opening "Sicilian: Smith-Morra gambit"]
[ECO "B21"]
[NIC "SI.48"]
[Time "14:13:56"]
[TimeControl "180+0"]

1. e4 c5 2. d4 cxd4 3. c3 d5 4. exd5 Qxd5 5. cxd4 Nf6 6. Nc3 Qd8 7. Nf3 e6
8. Bd3 Nc6 9. Kf1 Bd6 10. Be3 Bd7 11. Nb5 Bb8 12. Rc1 a6 13. Na3 O-O 14. Nc4
Nd5 15. Bd2 h6 16. Qe2 b5 17. Nce5 Nxe5 18. Nxe5 Bxe5 19. Qxe5 Rc8 20. Ke2
Qf6 21. Qe4 g6 22. Bxh6 Rfe8 23. Rxc8 Rxc8 24. Bd2 Bc6 25. Qe5 Qxe5+ 26.
dxe5 Rd8 27. Rc1 Ne7 28. Bg5 {Black resigns} 1-0

[Event "ICC Open 2015"]
[Site "Internet Chess Club"]
[Date "2015.05.29"]
[Round "2"]
[White "supermouse"]
[Black "magnuswizard"]
[Result "1-0"]
[ICCResult "Black forfeits on time"]
[WhiteElo "2687"]
[BlackElo "2050"]
[Opening "Réti opening"]
[ECO "A04"]
[NIC "QP.10"]
[Time "14:13:14"]
[TimeControl "180+0"]

1. Nf3 c5 2. e3 Nc6 3. d4 cxd4 4. exd4 d5 5. Bd3 Bg4 6. c3 e6 7. h3 Bh5 8.
O-O Nf6 9. Bf4 Bd6 10. Bxd6 Qxd6 11. Nbd2 O-O 12. Re1 Rac8 13. Nf1 Bxf3 14.
Qxf3 e5 15. Qg3 Rfe8 16. Ne3 Qc7 17. Nf5 g6 18. Qg5 Qd8 19. dxe5 Ne4 20.
Qxd8 Rcxd8 21. Bxe4 dxe4 22. Nd6 Rxe5 23. Nxe4 Kg7 24. Ng3 Rxe1+ 25. Rxe1
Rd2 26. Re2 Rd1+ 27. Kh2 f5 28. f4 Kf6 29. Rc2 Ne7 30. c4 Nc6 31. Ne2 h6 32.
a3 g5 33. b4 gxf4 34. Nxf4 Ne5 35. Rf2 Rd4 36. Nd5+ Ke6 37. Ne3 Nxc4 38.
Nxf5 Rd3 39. Nxh6 Rxa3 40. Ng4 Ne3 41. Re2 Ra2 42. Rxe3+ Kf5 43. Re5+
{Black forfeits on time}
1-0

[Event "ICC Open 2015"]
[Site "Internet Chess Club"]
[Date "2015.05.29"]
[Round "2"]
[White "magdykassem"]
[Black "giul"]
[Result "1-0"]
[ICCResult "Black resigns"]
[WhiteElo "1729"]
[BlackElo "2434"]
[Opening "Three knights: Steinitz, Rosenthal variation"]
[ECO "C46"]
[NIC "KP.06"]
[Time "14:13:46"]
[TimeControl "180+0"]

1. e4 e5 2. Nf3 Nc6 3. Nc3 g6 4. d4 exd4 5. Nd5 Bg7 6. Bg5 Nce7 7. Nxd4 c6
8. Nxe7 Nxe7 9. c3 h6 10. Bf4 d5 11. Bd3 O-O 12. O-O dxe4 13. Bxe4 Nd5 14.
Bd2 Re8 15. Re1 Bd7 16. Qb3 Nb6 17. Bxg6 Qf6 18. Be4 Re7 19. Qc2 Rae8 20.
Bd3 Nd5 21. Rxe7 Rxe7 22. Nf5 Bxf5 23. Bxf5 Re2 24. Re1 Rxd2 25. Bh7+ Kf8
26. Qxd2 Nf4 27. Qd7 Ne6 28. Qxb7 Qf4 29. Qa8+ Ke7 30. Qxa7+ Kf8 31. Qa8+
Ke7 32. Qxc6 Be5 33. g3 Qf6 34. f4 Bd6 35. f5 {Black resigns} 1-0

[Event "ICC Open 2015"]
[Site "Internet Chess Club"]
[Date "2015.05.29"]
[Round "2"]
[White "SirHarmony"]
[Black "geemurfi"]
[Result "0-1"]
[ICCResult "White forfeits on time"]
[WhiteElo "1510"]
[BlackElo "1806"]
[Opening "Sicilian: wing gambit"]
[ECO "B20"]
[NIC "SI.48"]
[Time "14:14:16"]
[TimeControl "180+0"]

1. e4 c5 2. b4 b6 3. Nf3 b5 4. Bxb5 Qb6 5. Qe2 c4 6. Bxc4 e6 7. a3 d6 8. O-O
Be7 9. Bb3 Nf6 10. d4 Nbd7 11. c4 O-O 12. Nc3 Re8 13. Bc2 a5 14. b5 Bb7 15.
Bg5 h6 16. Bd2 Nf8 17. h4 Rac8 18. Be3 Qd8 19. Qd2 N6h7 20. Rad1 Rxc4 21.
Bd3 Rc8 22. Bxh6 Bxh4 23. g3 Bf6 24. e5 gxh6 25. exf6 Qxf6 26. Ne5 dxe5 27.
dxe5 Qg5 28. Qxg5+ Nxg5 29. f4 Nf3+ 30. Rxf3 Bxf3 31. Ne4 Bxd1 32. Nf6+ Kh8
33. Nxe8 Rxe8 34. Kf2 Rd8 35. Ke3 Bb3 36. b6 a4 {White forfeits on time} 0-1

[Event "ICC Open 2015"]
[Site "Internet Chess Club"]
[Date "2015.05.29"]
[Round "2"]
[White "BFavre"]
[Black "Visier"]
[Result "1-0"]
[ICCResult "Black forfeits on time"]
[WhiteElo "1716"]
[BlackElo "1131"]
[Opening "English opening"]
[ECO "A20"]
[NIC "EO.24"]
[Time "14:13:39"]
[TimeControl "180+0"]

1. c4 e5 2. g3 e4 3. Nc3 f5 4. Bg2 Bb4 5. Nd5 Bc5 6. e3 Nf6 7. Nh3 c6 8.
Ndf4 d6 9. O-O g5 10. Nh5 h6 11. f3 Nxh5 12. fxe4 Ng7 13. d4 Bb6 14. exf5
Nxf5 15. Qh5+ Kd7 16. Rxf5 Kc7 17. Rf7+ Bd7 18. Bd2 Na6 19. a3 Rc8 20. b4
Kb8 21. c5 dxc5 22. bxc5 Bc7 23. Raf1 Be6 24. R7f6 Bc4 25. R1f2 Qg8 26. Qxh6
Rxh6 27. Rxh6 Bd8 28. e4 {Black forfeits on time} 1-0

[Event "ICC Open 2015"]
[Site "Internet Chess Club"]
[Date "2015.05.29"]
[Round "2"]
[White "paulohaddad"]
[Black "franco"]
[Result "1-0"]
[ICCResult "Black forfeits on time"]
[WhiteElo "1780"]
[BlackElo "1296"]
[Opening "Queen's pawn game"]
[ECO "D02"]
[NIC "QP.08"]
[Time "14:13:33"]
[TimeControl "180+0"]

1. d4 d5 2. Nf3 c6 3. Bf4 Bf5 4. e3 e6 5. Bd3 Bg6 6. Ne5 Nf6 7. Bg5 Be7 8.
f4 Nbd7 9. Qe2 h6 10. Nxg6 fxg6 11. Bxg6+ Kf8 12. Bxf6 Nxf6 13. O-O Ne4 14.
Nd2 Bf6 15. Nxe4 dxe4 16. Bxe4 Ke7 17. c3 Kd7 18. f5 exf5 19. Bxf5+ Kc7 20.
Qf3 Qd6 21. e4 Bg5 22. e5 Qd5 23. Qxd5 cxd5 24. Be6 Rad8 25. Rf7+ Kc6 26.
Rxg7 Rdf8 27. Rf7 Re8 28. Bd7+ Kc7 29. Bxe8+ Kd8 30. Ba4 Be3+ 31. Kh1 Rg8
32. e6 Bg5 33. Re1 Be7 34. Ref1 a6 35. Rxe7 Kxe7 36. Rf7+ Kd8 37. Rxb7 Kc8
38. Rf7 {Black forfeits on time} 1-0

[Event "ICC Open 2015"]
[Site "Internet Chess Club"]
[Date "2015.05.29"]
[Round "2"]
[White "nikenwidiartto"]
[Black "El-Flippo"]
[Result "1-0"]
[ICCResult "Black checkmated"]
[WhiteElo "1785"]
[BlackElo "1309"]
[Opening "Sicilian: closed"]
[ECO "B23"]
[NIC "SI.44"]
[Time "14:14:29"]
[TimeControl "180+0"]

1. e4 c5 2. Nc3 e6 3. f4 Nc6 4. Nf3 d6 5. Bb5 Bd7 6. O-O Qc7 7. d3 a6 8.
Bxc6 bxc6 9. f5 exf5 10. exf5 Bxf5 11. Qe2+ Qe7 12. Qf2 Nh6 13. Bxh6 gxh6
14. Rae1 Be6 15. Nh4 Qd7 16. Ne4 Be7 17. Nf6+ Bxf6 18. Qxf6 Rf8 19. Nf5 Qe7
20. Qxe7# {Black checkmated} 1-0

[Event "ICC Open 2015"]
[Site "Internet Chess Club"]
[Date "2015.05.29"]
[Round "2"]
[White "Tacticguy"]
[Black "RLH2"]
[Result "0-1"]
[ICCResult "White resigns"]
[WhiteElo "1907"]
[BlackElo "2903"]
[Opening "Modern defense"]
[ECO "A40"]
[NIC "EO.35"]
[Time "14:14:52"]
[TimeControl "180+0"]

1. d4 g6 2. c4 Bg7 3. Nc3 c5 4. Nf3 cxd4 5. Nxd4 Nc6 6. Nc2 Bxc3+ 7. bxc3
Nf6 8. g3 Qa5 9. Qd3 Ne5 10. Qd4 Nc6 11. Qd3 d6 12. Bg2 Bf5 13. e4 Be6 14.
Ne3 Ne5 15. Qd4 Rc8 16. O-O Nxc4 17. Nd5 Bxd5 18. exd5 Nb6 19. Bg5 Rc4 20.
Qe3 Nbxd5 21. Qe2 Rc7 22. Rad1 Nxc3 23. Qe1 Qxg5 {White resigns} 0-1

[Event "ICC Open 2015"]
[Site "Internet Chess Club"]
[Date "2015.05.29"]
[Round "2"]
[White "jewels2"]
[Black "Irenaeus"]
[Result "0-1"]
[ICCResult "White forfeits on time"]
[WhiteElo "1229"]
[BlackElo "1754"]
[Opening "Grünfeld defense"]
[ECO "D80"]
[NIC "GI.03"]
[Time "14:14:36"]
[TimeControl "180+0"]

1. d4 Nf6 2. c4 g6 3. Nc3 d5 4. g3 c6 5. Nf3 Bg7 6. h3 O-O 7. Bg2 dxc4 8. a4
Nd5 9. e4 Nxc3 10. bxc3 c5 11. Be3 Nc6 12. dxc5 Bxc3+ 13. Nd2 Qd3 14. Ra3
Bxd2+ 15. Bxd2 Qxa3 16. O-O Be6 17. Bc1 Qd3 18. Qe1 Rad8 19. a5 Nd4 20. Bb2
Ne2+ 21. Kh1 c3 {White forfeits on time} 0-1

[Event "ICC Open 2015"]
[Site "Internet Chess Club"]
[Date "2015.05.29"]
[Round "2"]
[White "dwg6"]
[Black "EREBUNI"]
[Result "0-1"]
[ICCResult "White resigns"]
[WhiteElo "2265"]
[BlackElo "3035"]
[Opening "English: Neo-Catalan declined"]
[ECO "A14"]
[NIC "RE.08"]
[Time "14:14:40"]
[TimeControl "180+0"]

1. c4 Nf6 2. g3 e6 3. Bg2 d5 4. Nf3 Be7 5. O-O O-O 6. b3 b6 7. Bb2 Bb7 8. e3
Nbd7 9. Nc3 c5 10. cxd5 Nxd5 11. d4 Bf6 12. Ne4 Be7 13. dxc5 Nxc5 14. Nxc5
Bxc5 15. a3 Be7 16. Qe2 Bf6 17. Rfd1 Bxb2 18. Qxb2 Qe7 19. Ne5 Rac8 20. Rac1
Rxc1 21. Rxc1 Rd8 22. Nc6 Bxc6 23. Rxc6 h6 24. b4 Qg5 25. h4 Qf5 26. e4 Qf6
27. Qc2 Qa1+ 28. Kh2 Nf6 29. Rc7 Qe1 30. Bf3 Rd2 31. Rc8+ Kh7 {White
resigns} 0-1